[Event "Titled Tuesday Blitz May 23 Early 2023"]
[White "Manon-og, Ramon Jr."]
[Black "Berezin, Viktor"]
[WhiteFideId "5200776"]
[BlackFideId "14107872"]
[WhiteElo "2308"]
[BlackElo "2310"]
[Result "0-1"]
[Round "05"]
[TimeControl "180+2"]
[Date "2023.05.23"]
[WhiteClock "0:01:42"]
[BlackClock "0:01:31"]

1. e4 g6 2. d4 Bg7 3. Nc3 d6 4. Be3 Nf6 5. Qd2 c6 6. Nf3 O-O 7. Bh6 b5 8. Bxg7 Kxg7 9. a3 a5 10. Be2 Na6 11. Qf4 b4 12. axb4 Nxb4 13. Bd3 Nxd3+ 14. cxd3 Qb6 15. Ra2 Ba6 16. e5 Nd5 17. Qd2 Nb4 18. O-O Nxa2 19. Nxa2 Rab8 20. Rb1 a4 21. h4 a3 22. b4 c5 23. dxc5 dxc5 24. h5 cxb4 25. Rxb4 Qc5 26. Rh4 Rb2 27. Qf4 Qxf2+ 28. Kh1 Qxg2# 0-1


[Site "https://www.chess.com"]

[Event "Titled Tuesday Blitz May 23 Early 2023"]
[White "Hajiyev, Kanan"]
[Black "Goldin, Roman"]
[WhiteFideId "13404148"]
[BlackFideId "2803860"]
[WhiteElo "2103"]
[BlackElo "2312"]
[Result "1-0"]
[Round "05"]
[TimeControl "180+2"]
[Date "2023.05.23"]
[WhiteClock "0:00:02"]
[BlackClock "0:00:00"]

1. d4 Nf6 2. c4 Nc6 3. Nf3 e6 4. Nc3 Bb4 5. Qc2 d6 6. Bg5 h6 7. Bh4 Qe7 8. e3 e5 9. d5 Bxc3+ 10. Qxc3 Nb8 11. Be2 g5 12. Bg3 Ne4 13. Qc2 f5 14. Nd2 Nxd2 15. Bh5+ Kf8 16. Qxd2 f4 17. O-O-O fxg3 18. fxg3 Nd7 19. Rdf1+ Nf6 20. h4 g4 21. Bg6 Kg7 22. h5 Bd7 23. Rf2 Rhf8 24. Rhf1 Be8 25. Qc2 Nxh5 26. Rxf8 Bxg6 27. R1f7+ Bxf7 28. Rxa8 Qf6 29. Rxa7 Bg6 30. Qd1 Qf5 31. Rxb7 Nxg3 32. Rxc7+ Kf8 33. a4 Nf1 34. e4 Qf2 35. Kb1 Bxe4+ 36. Ka2 Nd2 37. c5 Bb1+ 38. Ka1 Bd3 39. cxd6 Qd4 40. Rc8+ Kg7 41. d7 Nb3+ 42. Qxb3 Qg1+ 43. Ka2 Qb1+ 44. Ka3 1-0


[Site "https://www.chess.com"]

[Event "Titled Tuesday Blitz May 23 Early 2023"]
[White "Estrada Nieto, Julian"]
[Black "Rose, Felix"]
[WhiteFideId "5101018"]
[BlackFideId "5105722"]
[WhiteElo "2161"]
[BlackElo "2039"]
[Result "1-0"]
[Round "05"]
[TimeControl "180+2"]
[Date "2023.05.23"]
[WhiteClock "0:00:33"]
[BlackClock "0:00:13"]

1. e4 c6 2. d4 d5 3. Nc3 dxe4 4. Nxe4 Nf6 5. Nxf6+ exf6 6. c3 Bd6 7. Bd3 O-O 8. Ne2 Re8 9. Qc2 h5 10. h3 Qc7 11. O-O Nd7 12. Bd2 Nf8 13. Rae1 Be6 14. c4 c5 15. d5 Bd7 16. Nc3 a6 17. Ne4 Be5 18. Re2 f5 19. Ng5 Bh2+ 20. Kh1 Rxe2 21. Bxe2 Bf4 22. Bxh5 g6 23. Be2 Re8 24. Bd3 Bxd2 25. Qxd2 Qe5 26. Nf3 Qf6 27. b3 b5 28. Re1 Rxe1+ 29. Qxe1 b4 30. Qe5 Qd8 31. Qd6 g5 32. Bxf5 Qe8 33. Bxd7 Nxd7 34. Nxg5 Qe1+ 35. Kh2 Qxf2 36. Ne4 Qf5 37. Qxd7 Qxe4 38. Qg4+ Qxg4 39. hxg4 a5 40. Kg3 Kf8 41. Kf4 a4 42. bxa4 1-0


[Site "https://www.chess.com"]

[Event "Titled Tuesday Blitz May 23 Early 2023"]
[White "Bashkansky, Ethan"]
[Black "Omariev, Maksim"]
[WhiteFideId "2071533"]
[BlackFideId "4193423"]
[WhiteElo "2295"]
[BlackElo "2485"]
[Result "1-0"]
[Round "05"]
[TimeControl "180+2"]
[Date "2023.05.23"]
[WhiteClock "0:00:10"]
[BlackClock "0:00:03"]

1. d4 d5 2. c4 e6 3. Nc3 Nf6 4. cxd5 exd5 5. Bg5 Be7 6. e3 c6 7. Bd3 Bg4 8. Qc2 Bh5 9. Nge2 Bg6 10. O-O Bxd3 11. Qxd3 Nbd7 12. Rab1 a5 13. a3 O-O 14. h3 Re8 15. b4 axb4 16. axb4 b5 17. Ng3 h6 18. Bxf6 Bxf6 19. Nf5 Nb6 20. e4 Ra3 21. e5 Be7 22. Qg3 Bg5 23. f4 Na4 24. Rbc1 Nxc3 25. Rxc3 Rxc3 26. Qxc3 Be7 27. Qg3 Bf8 28. Nxh6+ Kh7 29. Nxf7 Qd7 30. Ng5+ Kg8 31. Qh4 g6 32. e6 Qg7 33. Kh1 Bxb4 34. f5 Be7 35. Qg4 Rf8 36. Nf7 gxf5 37. Qxf5 Qxd4 38. Rf4 Qa1+ 39. Kh2 Bf6 40. Qxf6 Qxf6 41. Rxf6 Kg7 42. e7 Re8 43. Rf2 Rxe7 44. Nd6 d4 45. Nf5+ Kf6 46. Nxe7+ Kxe7 47. h4 c5 48. h5 d3 49. h6 c4 50. h7 c3 51. h8=Q d2 52. Qh7+ Ke6 53. Qc2 b4 54. Rxd2 b3 55. Qxc3 b2 56. Rxb2 Kd5 57. Qb3+ Ke4 58. Qa3 Kf4 59. Rb4+ Kg5 60. Qa5+ Kh6 61. Rb6+ Kg7 62. Qa7+ 1-0


[Site "https://www.chess.com"]

[Event "Titled Tuesday Blitz May 23 Early 2023"]
[White "Zampronha, Wladimir Camilo"]
[Black "Korkmaz, Necmettin"]
[WhiteFideId "2103087"]
[BlackFideId "6303285"]
[WhiteElo "2176"]
[BlackElo "2097"]
[Result "0-1"]
[Round "05"]
[TimeControl "180+2"]
[Date "2023.05.23"]
[WhiteClock "0:00:00"]
[BlackClock "0:01:38"]

1. e4 c5 2. Nf3 e6 3. d4 cxd4 4. Nxd4 d5 5. Bb5+ Bd7 6. exd5 exd5 7. O-O Nf6 8. Re1+ Be7 9. Nf5 Ne4 10. Bxd7+ Nxd7 11. Qxd5 Ndf6 12. Qxb7 Bc5 13. Rxe4+ Nxe4 14. Qxe4+ Kf8 15. Nc3 Rb8 16. Be3 Bxe3 17. Qxe3 h6 18. Qc5+ Kg8 19. Ne7+ Kh7 20. Nc6 Qf8 21. Qf5+ g6 22. Qf3 Rxb2 23. Ne5 f6 24. Nd3 Rxc2 25. Ne4 f5 26. Nec5 Rxc5 27. Nxc5 Qxc5 28. Qb7+ Kg8 29. Rd1 Qf8 30. Rd7 Qe8 31. h4 Qe1+ 0-1


[Site "https://www.chess.com"]

[Event "Titled Tuesday Blitz May 23 Early 2023"]
[White "Koutlas, Nikolaos"]
[Black "Jimenez Fernandez, Rebeca"]
[WhiteFideId "25827138"]
[BlackFideId "32070934"]
[WhiteElo "2215"]
[BlackElo "2008"]
[Result "1-0"]
[Round "05"]
[TimeControl "180+2"]
[Date "2023.05.23"]
[WhiteClock "0:01:00"]
[BlackClock "0:00:03"]

1. e4 g6 2. Nc3 Bg7 3. g3 d6 4. Bg2 c5 5. f4 Nc6 6. Nf3 e6 7. O-O Nge7 8. d3 O-O 9. Kh1 f5 10. Be3 Nd4 11. e5 Nxf3 12. Qxf3 dxe5 13. fxe5 Bxe5 14. Bxc5 Bg7 15. Rae1 Rb8 16. Qf4 Bd7 17. Bxa7 Ra8 18. Bd4 Bc6 19. Bxg7 Bxg2+ 20. Kxg2 Kxg7 21. Rxe6 Kg8 22. Rfe1 Nd5 23. Qc4 Nxc3 24. Rd6+ Kg7 1-0


[Site "https://www.chess.com"]

[Event "Titled Tuesday Blitz May 23 Early 2023"]
[White "Nissinen, Niilo Man"]
[Black "Rom, Jasper"]
[WhiteFideId "30950767"]
[BlackFideId "2023733"]
[WhiteElo "1952"]
[BlackElo "2233"]
[Result "0-1"]
[Round "05"]
[TimeControl "180+2"]
[Date "2023.05.23"]
[WhiteClock "0:00:00"]
[BlackClock "0:00:13"]

1. e4 e6 2. d4 d5 3. e5 c5 4. c3 Nc6 5. Nf3 Bd7 6. Na3 cxd4 7. cxd4 Qb6 8. Nc2 Na5 9. Bd3 Bb5 10. O-O Ne7 11. Bxb5+ Qxb5 12. a4 Qb6 13. Ne3 Nec6 14. Bd2 Nb3 15. Rb1 Ncxd4 16. Nxd4 Nxd4 17. b4 Nc6 18. f4 Nxb4 19. Kh1 a5 20. f5 Be7 21. Qg4 g6 22. fxg6 hxg6 23. Nc2 Rc8 24. Ne1 Rh5 25. Nd3 Rc4 26. Qg3 Rch4 27. h3 Qd4 28. Nxb4 axb4 29. Be3 Qe4 30. Kg1 Qd3 0-1


[Site "https://www.chess.com"]

[Event "Titled Tuesday Blitz May 23 Early 2023"]
[White "Rosh Jain"]
[Black "Ljukin, Sergei"]
[WhiteFideId "25789465"]
[BlackFideId "14102200"]
[WhiteElo "2233"]
[BlackElo "2312"]
[Result "0-1"]
[Round "05"]
[TimeControl "180+2"]
[Date "2023.05.23"]
[WhiteClock "0:00:03"]
[BlackClock "0:00:07"]

1. e4 e6 2. d4 d5 3. Nc3 Bb4 4. exd5 exd5 5. Bd3 Nf6 6. Qf3 c5 7. Ne2 Bg4 8. Qe3+ Be6 9. dxc5 O-O 10. O-O Nbd7 11. Na4 Qa5 12. b3 Nxc5 13. a3 Nxd3 14. Qxd3 Be7 15. Bb2 Rac8 16. Nd4 Ne4 17. Nxe6 fxe6 18. Rac1 b5 19. f3 Nf6 20. Nc3 Qb6+ 21. Kh1 a6 22. Ne2 Bc5 23. Rce1 Bf2 24. Rd1 Rfd8 25. Nf4 Bc5 26. Rde1 Re8 27. Bxf6 gxf6 28. Nh5 Be7 29. f4 Kh8 30. Qh3 Rc6 31. Qg3 Rg8 32. Qf3 Qb7 33. f5 e5 34. Qxd5 Rb6 35. Qxb7 Rxb7 36. Rd1 Rc7 37. Rf2 Bc5 38. Re2 Bd4 39. Nxf6 Rf8 40. Nd5 Rc5 41. Ne3 Rc3 42. Nd5 Rc5 43. Ne7 Rf7 44. f6 Rxf6 45. c3 Rxc3 46. Nd5 Rfc6 47. Nxc3 Rxc3 48. b4 Rxa3 49. h3 Rb3 50. Kh2 Rxb4 51. Re4 Bg1+ 52. Kh1 Rxe4 53. Rxg1 Rc4 54. Rf1 Kg7 55. Rd1 Ra4 56. Rd7+ Kg6 57. Rd6+ Kf5 58. Rd7 h5 59. g3 h4 60. g4+ Kf4 61. Rf7+ Kg3 62. Rf1 Kxh3 63. g5 Rg4 64. g6 Rxg6 65. Rf3+ Rg3 66. Rf2 Ra3 67. Rh2+ Kg3 68. Rg2+ Kf3 69. Rf2+ Kxf2 70. Kh2 e4 71. Kh1 Rh3# 0-1


[Site "https://www.chess.com"]

[Event "Titled Tuesday Blitz May 23 Early 2023"]
[White "James, Stuart"]
[Black "Sanhueza, Cristian"]
[WhiteFideId "7400489"]
[BlackFideId "116815"]
[WhiteElo "1950"]
[BlackElo "2174"]
[Result "0-1"]
[Round "05"]
[TimeControl "180+2"]
[Date "2023.05.23"]
[WhiteClock "0:00:18"]
[BlackClock "0:00:10"]

1. e4 e5 2. Nf3 Nc6 3. Bb5 a6 4. Ba4 Nf6 5. d3 b5 6. Bb3 Be7 7. a4 Rb8 8. axb5 axb5 9. Nc3 d6 10. Nd5 Nxd5 11. Bxd5 Bd7 12. c3 O-O 13. Ra6 Qe8 14. O-O Ra8 15. Rxa8 Qxa8 16. Bg5 Qd8 17. Qd2 Bxg5 18. Qxg5 Qxg5 19. Nxg5 Ne7 20. Bb3 h6 21. Nf3 Ra8 22. d4 exd4 23. Nxd4 c5 24. Nf3 c4 25. Bc2 Ra2 26. Rb1 Ng6 27. g3 Ne5 28. Nxe5 dxe5 29. f4 f6 30. Kf2 Kf7 31. Ke3 Ke7 32. h4 g5 33. hxg5 hxg5 34. fxg5 fxg5 35. Bd1 Bc6 36. Bg4 Kd6 37. Rd1+ Kc5 38. Rd2 b4 39. cxb4+ Kxb4 40. Be6 Ra1 41. Rc2 Re1+ 42. Kf2 Rxe4 43. Bf5 Rd4 44. Be6 Kb3 45. Rc3+ Kxb2 46. Rxc4 Rxc4 47. Bxc4 Kc3 48. Be2 Kd2 49. Ba6 e4 50. Kf1 e3 51. Bc4 Bf3 52. Ba6 e2+ 53. Bxe2 Bxe2+ 54. Kf2 g4 55. Kg2 Ke3 56. Kh2 Kf2 57. Kh1 Kxg3 58. Kg1 Kf3 59. Kh2 g3+ 60. Kg1 g2 61. Kh2 Kf2 62. Kh3 g1=Q 63. Kh4 Qg4# 0-1


[Site "https://www.chess.com"]

[Event "Titled Tuesday Blitz May 23 Early 2023"]
[White "Pasti, Aron"]
[Black "Afanasieva, Alexandra"]
[WhiteFideId "785857"]
[BlackFideId "34126926"]
[WhiteElo "2173"]
[BlackElo "1745"]
[Result "1-0"]
[Round "05"]
[TimeControl "180+2"]
[Date "2023.05.23"]
[WhiteClock "0:01:50"]
[BlackClock "0:01:32"]

1. e4 c5 2. d4 cxd4 3. c3 dxc3 4. Nxc3 e6 5. Nf3 Nf6 6. Bc4 Bb4 7. O-O O-O 8. Bg5 Be7 9. Qe2 Nc6 10. Rfd1 h6 11. Bh4 Nxe4 12. Qxe4 d5 13. Qg4 Bxh4 14. Nxh4 e5 15. Qg3 d4 16. Ne4 Kh7 17. Nf3 f5 18. Neg5+ hxg5 19. Nxg5+ Kg6 20. Ne6+ Qg5 21. Qxg5+ Kh7 22. Nxf8+ Kh8 23. Qh5# 1-0


[Site "https://www.chess.com"]

[Event "Titled Tuesday Blitz May 23 Early 2023"]
[White "Fiedorek, Michal"]
[Black "ChawitAp"]
[WhiteFideId "1199528"]
[WhiteElo "2135"]
[BlackElo "2259"]
[Result "0-1"]
[Round "05"]
[TimeControl "180+2"]
[Date "2023.05.23"]
[WhiteClock "0:00:00"]
[BlackClock "0:01:29"]

1. e4 c6 2. d4 g6 3. Nf3 Bg7 4. Nc3 d5 5. e5 Bg4 6. h3 Bxf3 7. Qxf3 e6 8. Be3 Ne7 9. Bd3 a6 10. Ne2 c5 11. dxc5 Nd7 12. O-O Nxe5 13. Qf4 Nxd3 14. cxd3 Nf5 15. g4 Nxe3 16. fxe3 O-O 17. d4 e5 18. Qf2 Qg5 19. Ng3 Rae8 20. Rae1 f5 21. gxf5 Rxf5 22. Qg2 Rxf1+ 23. Nxf1 Qxg2+ 24. Kxg2 exd4 25. Kf3 dxe3 26. Rxe3 Rf8+ 27. Ke2 Bxb2 28. Rb3 Bd4 29. Rxb7 Bxc5 30. Rd7 Rf2+ 31. Ke1 Rxa2 32. Rxd5 Bb4+ 0-1


[Site "https://www.chess.com"]

[Event "Titled Tuesday Blitz May 23 Early 2023"]
[White "UNSTOPPABLE_LEGEND"]
[Black "Feinig, Mario"]
[BlackFideId "1618113"]
[WhiteElo "2436"]
[BlackElo "2163"]
[Result "1-0"]
[Round "05"]
[TimeControl "180+2"]
[Date "2023.05.23"]
[WhiteClock "0:00:16"]
[BlackClock "0:00:05"]

1. e4 c5 2. c3 Nf6 3. e5 Nd5 4. Nf3 d6 5. exd6 Qxd6 6. d4 cxd4 7. Nxd4 Nc6 8. Nb5 Qe5+ 9. Be2 Be6 10. O-O O-O-O 11. Nd4 Nxd4 12. cxd4 Qd6 13. Nc3 g6 14. Ne4 Qb6 15. a4 Bg7 16. Nc5 Bf5 17. a5 Qf6 18. Qb3 Qc6 19. a6 b6 20. Nb7 Bxd4 21. Bb5 Qc7 22. Bg5 Be5 23. Rac1 Bxh2+ 24. Kh1 Kb8 25. Rxc7 Bxc7 26. Nxd8 Rxd8 27. Bc6 Be4 28. f3 f6 29. fxe4 fxg5 30. Bxd5 Bd6 31. Qb5 Rc8 32. Qd7 Rc7 33. Rf8+ Rc8 34. Qb7# 1-0


[Site "https://www.chess.com"]

[Event "Titled Tuesday Blitz May 23 Early 2023"]
[White "Manukian, Artak"]
[Black "agvania123"]
[WhiteFideId "13301373"]
[WhiteElo "2130"]
[BlackElo "2241"]
[Result "1-0"]
[Round "05"]
[TimeControl "180+2"]
[Date "2023.05.23"]
[WhiteClock "0:00:14"]
[BlackClock "0:00:08"]

1. e4 d5 2. exd5 Qxd5 3. Nc3 Qd8 4. d4 Nf6 5. Bg5 g6 6. Bxf6 exf6 7. Qe2+ Qe7 8. Nd5 Qxe2+ 9. Nxe2 Kd8 10. Nxf6 Bg7 11. Nd5 c6 12. Ne3 Re8 13. O-O-O Bh6 14. Kd2 Nd7 15. Nc3 Nf6 16. Be2 Bg4 17. Rhe1 Kc7 18. Kd3 Bxe2+ 19. Rxe2 Rad8 20. Nc4 Rxe2 21. Kxe2 b5 22. Ne5 Bf4 23. Nxf7 Rd7 24. Ne5 Re7 25. Kf3 Bxe5 26. dxe5 Rxe5 27. Rd4 a6 28. Ne4 Rf5+ 29. Ke2 Re5 30. f3 c5 31. Rd2 Nxe4 32. fxe4 Rxe4+ 33. Kf3 Re7 34. Kf4 Kc6 35. Kg5 Rf7 36. Kh6 Rf5 37. g4 Rf7 38. h4 b4 39. b3 a5 40. g5 Rf4 41. Rh2 Rf7 42. Rd2 Rf4 43. Kxh7 Rxh4+ 44. Kxg6 c4 45. Rg2 Kc5 46. Kf5 Kd4 47. g6 Rh1 48. g7 Rf1+ 49. Ke6 Re1+ 50. Kd6 Re8 51. g8=Q Rxg8 52. Rxg8 Kc3 53. Rc8 Kxc2 54. bxc4 Kb2 55. Ra8 Kxa2 56. Rxa5+ Kb3 57. c5 Kc3 58. c6 b3 59. Rb5 b2 60. Rxb2 Kxb2 61. c7 Kb3 62. c8=Q Kb2 63. Kd5 Kb3 64. Kd4 Kb2 65. Qc3+ Kb1 66. Qd2 Ka1 67. Kc3 1-0


[Site "https://www.chess.com"]

[Event "Titled Tuesday Blitz May 23 Early 2023"]
[White "Golubev, Mikhail"]
[Black "rionelG"]
[WhiteFideId "14100983"]
[WhiteElo "2374"]
[BlackElo "2209"]
[Result "1-0"]
[Round "05"]
[TimeControl "180+2"]
[Date "2023.05.23"]
[WhiteClock "0:00:16"]
[BlackClock "0:00:00"]

1. e4 c5 2. Nf3 d6 3. d4 cxd4 4. Nxd4 Nf6 5. Nc3 a6 6. Bc4 e6 7. O-O Be7 8. Bb3 O-O 9. f4 Nc6 10. Be3 Nxd4 11. Bxd4 b5 12. e5 dxe5 13. fxe5 Nd7 14. Ne4 Bb7 15. Nd6 Bxd6 16. exd6 Qg5 17. Qe2 Kh8 18. Rae1 e5 19. Be3 Qg6 20. Qd2 f5 21. Bd5 Bxd5 22. Qxd5 f4 23. Bc5 Rac8 24. b4 Qxc2 25. Rxe5 Nxe5 26. Qxe5 f3 27. Rxf3 Qd1+ 28. Kf2 Rxf3+ 29. gxf3 Rd8 30. Qe7 Qd2+ 31. Kg3 1-0


[Site "https://www.chess.com"]

[Event "Titled Tuesday Blitz May 23 Early 2023"]
[White "Petrova, Irina"]
[Black "Floresvillar Gonzalez, Luis Migu"]
[WhiteFideId "14124122"]
[BlackFideId "5100542"]
[WhiteElo "2084"]
[BlackElo "2040"]
[Result "1-0"]
[Round "05"]
[TimeControl "180+2"]
[Date "2023.05.23"]
[WhiteClock "0:01:11"]
[BlackClock "0:00:00"]

1. e4 c6 2. d4 d5 3. Nc3 dxe4 4. Nxe4 Bf5 5. Ng3 Bg6 6. h4 h6 7. Nf3 Nd7 8. h5 Bh7 9. Bd3 Bxd3 10. Qxd3 e6 11. Bd2 Qb6 12. O-O-O Ngf6 13. Kb1 Bd6 14. Ne4 Nxe4 15. Qxe4 O-O-O 16. c4 Qa6 17. Rc1 Bc7 18. Rhd1 Nf6 19. Qe2 Nxh5 20. Ne5 Bxe5 21. dxe5 g6 22. g4 Ng7 23. Bb4 Rxd1 24. Rxd1 Rd8 25. Rxd8+ Kxd8 26. Qd2+ Kc8 27. b3 Ne8 28. Qxh6 Qb6 29. Qf8 Qd8 30. Qxf7 c5 31. Ba5 Qxa5 32. Qxe8+ Kc7 33. Qe7+ Kb8 34. Qd6+ Kc8 35. Qxe6+ 1-0


[Site "https://www.chess.com"]

[Event "Titled Tuesday Blitz May 23 Early 2023"]
[White "Nugumanov, Bakhtiyar"]
[Black "Kohler, Aran"]
[WhiteFideId "13701797"]
[BlackFideId "1002856"]
[WhiteElo "2209"]
[BlackElo "2399"]
[Result "1-0"]
[Round "05"]
[TimeControl "180+2"]
[Date "2023.05.23"]
[WhiteClock "0:00:06"]
[BlackClock "0:00:00"]

1. Nf3 Nf6 2. c4 d6 3. g3 e5 4. d3 Nc6 5. Bg2 Be7 6. O-O O-O 7. Nc3 Bg4 8. h3 Bh5 9. Rb1 Rb8 10. b4 Qd7 11. b5 Nd8 12. a4 Ne6 13. a5 Bxf3 14. Bxf3 Nd4 15. Bg2 Rfe8 16. e3 Ne6 17. d4 exd4 18. exd4 c6 19. Be3 c5 20. d5 Nd8 21. Qd3 g6 22. Bg5 Qf5 23. Qxf5 gxf5 24. Rfe1 Kg7 25. Bf1 h6 26. Bh4 b6 27. a6 Ng8 28. Bd3 Rc8 29. Bxf5 Rc7 30. Re2 f6 31. Rbe1 Nf7 32. f4 Rf8 33. Be6 Bd8 34. g4 Re7 35. Ne4 Rc7 36. Bxf7 Kxf7 37. Nxd6+ Kg6 38. f5+ Kh7 39. Nb7 Rcf7 40. Re8 Rxe8 41. Rxe8 Be7 42. d6 Bf8 43. Ra8 Kg7 44. Bg3 Rd7 45. Rxa7 h5 46. Ra8 hxg4 47. hxg4 Nh6 48. Rd8 Rf7 49. d7 Nxg4 50. Rxf8 Rxf8 51. a7 1-0


[Site "https://www.chess.com"]

[Event "Titled Tuesday Blitz May 23 Early 2023"]
[White "Guevara Sanchez, Erick Marvin"]
[Black "Mogirzan, Matei-Valeriu"]
[WhiteFideId "6700136"]
[BlackFideId "1257455"]
[WhiteElo "2040"]
[BlackElo "1733"]
[Result "0-1"]
[Round "05"]
[TimeControl "180+2"]
[Date "2023.05.23"]
[WhiteClock "0:00:00"]
[BlackClock "0:00:51"]

1. e4 e5 2. Nf3 Nf6 3. Nxe5 Nc6 4. Nxc6 dxc6 5. Nc3 Bc5 6. d3 Ng4 7. Be3 Nxe3 8. fxe3 Bxe3 9. Qf3 Qg5 10. Be2 Bd2+ 11. Kf2 Bxc3 12. bxc3 Qc5+ 13. d4 Qg5 14. h4 Qe7 15. Raf1 Be6 16. Rb1 O-O-O 17. Rb2 f5 18. e5 Bd5 19. Qe3 f4 20. Qc1 g5 21. c4 Be4 22. c3 Qa3 23. Bf3 Bxf3 24. gxf3 Qe7 25. Qb1 b6 26. Qf5+ Kb7 27. Qxg5 Qa3 28. Rc2 Qa4 29. Qf5 Qxc4 30. Qe4 Rhf8 31. Re1 Rd5 32. e6 Re8 33. e7 Rd7 34. Qxh7 c5 35. Qe4+ Kb8 36. h5 Rdxe7 37. Qxe7 Rxe7 38. Rxe7 cxd4 39. Re4 Qd3 40. Ree2 dxc3 41. Kg1 Qxf3 42. Rh2 Qg3+ 43. Rhg2 Qe1+ 44. Kh2 Qh4+ 45. Kg1 Qxh5 46. Rxc3 Qd1+ 47. Kh2 f3 48. Rg8+ Kb7 49. Re3 f2 0-1


[Site "https://www.chess.com"]

[Event "Titled Tuesday Blitz May 23 Early 2023"]
[White "Novikova, Galina"]
[Black "ritanovikova"]
[WhiteFideId "4157095"]
[WhiteElo "1953"]
[BlackElo "2173"]
[Result "1-0"]
[Round "05"]
[TimeControl "180+2"]
[Date "2023.05.23"]
[WhiteClock "0:01:43"]
[BlackClock "0:00:09"]

1. e4 d5 2. exd5 Qxd5 3. Nf3 Nf6 4. d4 Bg4 5. Be2 e6 6. Be3 Nc6 7. c4 Qa5+ 8. Nbd2 O-O-O 9. a3 Qh5 10. b4 e5 11. d5 Nd4 12. Nxd4 exd4 13. Bxd4 Bxe2 14. Qxe2 Re8 15. Be3 Ng4 16. h3 Nxe3 17. Qxh5 Nc2+ 18. Kf1 Nxa1 19. g3 Nc2 20. Qf5+ Kb8 21. Qxc2 Bd6 22. Kg2 Re2 23. Qd3 Rhe8 24. Nf3 Bf8 25. Qxh7 Ra2 26. Re1 Rc8 27. Qd3 a5 28. c5 axb4 29. axb4 Rb2 30. Qc3 Ra2 31. Ra1 Re2 32. Qa3 c6 33. d6 Be7 34. Qa8# 1-0


[Site "https://www.chess.com"]

[Event "Titled Tuesday Blitz May 23 Early 2023"]
[White "Davidson, Kevin"]
[Black "Winkels, Marcel"]
[WhiteFideId "2056810"]
[BlackFideId "1003887"]
[WhiteElo "2151"]
[BlackElo "1900"]
[Result "1-0"]
[Round "05"]
[TimeControl "180+2"]
[Date "2023.05.23"]
[WhiteClock "0:00:38"]
[BlackClock "0:00:00"]

1. e4 Nf6 2. e5 Nd5 3. c4 Nb6 4. d4 d6 5. exd6 exd6 6. Nc3 Be7 7. Nf3 O-O 8. Be2 Bg4 9. O-O Nc6 10. b3 d5 11. c5 Nd7 12. Nxd5 Bxf3 13. Bxf3 Bg5 14. b4 Bxc1 15. Rxc1 Nf6 16. Nxf6+ Qxf6 17. Bxc6 bxc6 18. Qd2 Rad8 19. Rfd1 Rd5 20. Rc3 Rfd8 21. Rd3 h6 22. Qe3 Qg6 23. Qf4 R8d7 24. h3 Rg5 25. Rg3 Rxg3 26. fxg3 Qc2 27. Qd2 Qc4 28. Kh2 Qd5 29. a3 Re7 30. Re1 Re6 31. Rxe6 Qxe6 32. Qf4 Qd7 33. Qe5 f6 34. Qe4 Kh8 35. a4 Qd5 36. Qxd5 cxd5 37. b5 Kg8 38. g4 Kf7 39. Kg3 Ke7 40. Kf4 Kd7 41. Kf5 1-0


[Site "https://www.chess.com"]

[Event "Titled Tuesday Blitz May 23 Early 2023"]
[White "ChesscularGodofchess"]
[Black "Makhmudov, Shukhrat"]
[BlackFideId "14200775"]
[WhiteElo "2117"]
[BlackElo "2135"]
[Result "0-1"]
[Round "05"]
[TimeControl "180+2"]
[Date "2023.05.23"]
[WhiteClock "0:00:30"]
[BlackClock "0:00:26"]

1. d4 Nf6 2. Nf3 d5 3. Nbd2 c5 4. e3 Nc6 5. b3 Bf5 6. dxc5 e5 7. Bb5 Qc7 8. b4 a6 9. Bxc6+ bxc6 10. c3 Bd3 11. a3 a5 12. Bb2 Be7 13. Ng1 O-O 14. Ne2 Ng4 15. h3 Nh6 16. O-O f5 17. Re1 f4 18. exf4 exf4 19. Nf3 Bc4 20. Ned4 Bf6 21. Ne6 Qf7 22. Nxf8 Rxf8 23. Qa4 axb4 24. axb4 Bb5 25. Qa7 Qg6 26. Qc7 Qf5 27. Ra7 Nf7 28. Rea1 Ng5 29. Nxg5 Qxg5 30. Ra8 Bd8 31. Qd6 f3 32. Qg3 Qxg3 33. fxg3 f2+ 34. Kh2 f1=Q 35. Rxf1 Bxf1 36. Bc1 Bf6 37. Rxf8+ Kxf8 38. Bd2 Be5 39. Kg1 Bc4 40. Kf2 Kf7 41. g4 Ke6 42. g3 d4 43. cxd4 Bxd4+ 44. Kf3 Bd5+ 45. Kf4 Be5+ 46. Ke3 Bxg3 47. Kd3 Bh4 48. Bc3 Bf6 49. Bxf6 Kxf6 50. h4 Bf3 51. g5+ Ke5 52. Ke3 Bd5 53. Kd3 Bg2 54. Ke3 Bf1 55. h5 Kf5 56. h6 g6 57. Kf2 Bb5 58. Ke3 Kxg5 59. Kd4 Kxh6 60. Ke5 Kh5 61. Kf6 g5 62. Ke5 h6 63. Ke4 g4 64. Ke3 Kh4 65. Kf2 Kh3 66. Kg1 g3 67. Kh1 h5 68. Kg1 g2 69. Kf2 Kh2 70. Kf3 g1=Q 71. Ke4 Qg5 72. Kd4 Qd5+ 73. Ke3 Qe5+ 74. Kf3 Be2+ 75. Kf2 Bg4 76. b5 Qe2# 0-1


[Site "https://www.chess.com"]

[Event "Titled Tuesday Blitz May 23 Early 2023"]
[White "Kriti Mayur Patel"]
[Black "Fernandez Garcia, Gumersindo"]
[WhiteFideId "35061780"]
[BlackFideId "24516740"]
[WhiteElo "1306"]
[BlackElo "2093"]
[Result "0-1"]
[Round "05"]
[TimeControl "180+2"]
[Date "2023.05.23"]
[WhiteClock "0:00:17"]
[BlackClock "0:00:08"]

1. e4 c5 2. d4 cxd4 3. c3 dxc3 4. Nxc3 Nc6 5. Nf3 e6 6. Bc4 Nf6 7. Bg5 Qc7 8. Qe2 a6 9. Bxf6 gxf6 10. O-O Rg8 11. Rac1 Ne5 12. Nxe5 Qxe5 13. f4 Qc5+ 14. Kh1 Be7 15. Bb3 Qa5 16. Rfe1 b5 17. Nd5 exd5 18. exd5 Qb4 19. d6 Qxd6 20. Qe4 Rb8 21. Qxh7 Rf8 22. Qe4 Bb7 23. Qe3 Rg8 24. Re2 Kf8 25. Rce1 Re8 26. f5 Rg7 27. Qh6 Kg8 28. Qh5 Bf8 29. Bxf7+ Rxf7 30. Rxe8 Rg7 31. R8e2 Qd5 32. Qh3 Bb4 33. Rg1 Bc5 34. Rge1 Bf8 35. Rf1 b4 36. Qf3 Qxf3 37. gxf3 Re7 38. Rxe7 Bxe7 39. Kg2 Kf7 40. Rd1 d5 41. Kg3 Bd6+ 42. Kg4 Be5 43. b3 Bxh2 44. f4 d4 45. Rd2 Bg1 46. Rc2 Bd5 47. Rc7+ Ke8 48. Kh5 Be3 49. Kg6 d3 50. Kxf6 d2 51. Rc8+ Kd7 52. Rc2 d1=Q 53. Rh2 Bxf4 54. Rh7+ Kd6 55. Kg7 Be5+ 56. Kf8 Qg4 57. Rh6+ Kc7 58. f6 Qc8+ 59. Kg7 Qg8# 0-1


[Site "https://www.chess.com"]

[Event "Titled Tuesday Blitz May 23 Early 2023"]
[White "Herzog2012"]
[Black "Blackwhite017"]
[WhiteElo "2348"]
[BlackElo "2080"]
[Result "1-0"]
[Round "05"]
[TimeControl "180+2"]
[Date "2023.05.23"]
[WhiteClock "0:00:15"]
[BlackClock "0:00:00"]

1. e4 c5 2. Nf3 Nc6 3. d4 cxd4 4. Nxd4 g6 5. Nc3 Bg7 6. Nb3 Nf6 7. Be2 O-O 8. O-O d6 9. Re1 a5 10. Bb5 Be6 11. Bg5 Nd7 12. a4 h6 13. Bh4 Nb4 14. Qd2 Rc8 15. Rad1 g5 16. Bg3 Nc5 17. Nxc5 Rxc5 18. e5 d5 19. f4 d4 20. fxg5 hxg5 21. Qxg5 Nxc2 22. Re4 Qc7 23. Ne2 Ne3 24. Rdxd4 Nf5 25. Rd1 Nxg3 26. Nxg3 Rxe5 27. Rxe5 Qxe5 28. Qxe7 1-0


[Site "https://www.chess.com"]

[Event "Titled Tuesday Blitz May 23 Early 2023"]
[White "Hinds, Nathan"]
[Black "Saim, Mohamed Ilias"]
[WhiteFideId "7400730"]
[BlackFideId "7900465"]
[WhiteElo "2001"]
[BlackElo "2063"]
[Result "1-0"]
[Round "05"]
[TimeControl "180+2"]
[Date "2023.05.23"]
[WhiteClock "0:00:06"]
[BlackClock "0:00:00"]

1. Nf3 Nf6 2. c4 c5 3. g3 b6 4. Bg2 Bb7 5. Nc3 e6 6. d4 cxd4 7. Qxd4 a6 8. O-O Be7 9. Rd1 d6 10. Qd3 O-O 11. Bg5 Nbd7 12. Bxf6 Nxf6 13. Rac1 Qc7 14. b3 Rfd8 15. h3 Rac8 16. Qe3 Qc5 17. Qxc5 dxc5 18. Na4 b5 19. Nc3 Rxd1+ 20. Rxd1 Rd8 21. Rxd8+ Bxd8 22. Ne5 Bxg2 23. Kxg2 bxc4 24. Nxc4 Nd5 25. Na4 Be7 26. Ne5 Nb4 27. a3 Nc2 28. Nc4 Nd4 29. Ne5 Nxb3 30. Kf3 Kf8 31. Ke3 f6 32. Nd3 Ke8 33. Nf4 Kd7 34. Kd3 e5 35. Nd5 c4+ 36. Kxc4 Nc1 37. e3 Bxa3 38. Nac3 Bd6 39. Nb6+ Kc6 40. Nba4 f5 41. f3 g5 42. e4 fxe4 43. fxe4 h5 44. Nb2 a5 45. Nba4 Bb4 46. Nd5 Ne2 47. g4 hxg4 48. hxg4 Ng1 49. Nb2 Nf3 50. Nd3 Bd6 51. Nf6 a4 52. Nc1 a3 53. Na2 Nh2 54. Kb3 Kc5 55. Kc3 Kb5 56. Kd3 Ka4 57. Ne8 Be7 58. Nc7 Kb3 59. Nd5 Kxa2 60. Nxe7 Kb2 61. Nd5 a2 62. Nb4 a1=Q 63. Kc4 1-0


[Site "https://www.chess.com"]